PCL
ALBUQUERQUE ISOTOPES @ SPOKANE TRAPPERS
08/17/2023
 
TOP OF THE 1ST
Albuquerque Isotopes batting - Pitching for Spokane Trappers : LHP Pedro Mata
Pitching: LHP Pedro Mata
Batting: RHB Roberto Cardona 0-0: Ball
1-0: Ball
2-0: Foul Ball, location: 2F
2-1: SINGLE (Line Drive, 8LS)
Batting: LHB Fernando Ortíz 0-0: Called Strike
0-1: Ball
1-1: Ball
2-1: Foul Ball, location: 2F
2-2: Foul Ball, location: 2F
2-2: Foul Ball, location: 2F
2-2: Foul Ball, location: 2F
2-2: Strikes out swinging
Batting: RHB Edward Young 0-0: Ball
1-0: Swinging Strike
1-1: Ball
2-1: Swinging Strike
2-2: Fly out, F8 (Line Drive, 8LM)
2-2: Fly out, F8 (Line Drive, 8LM)
Batting: RHB Adrian Prouse 0-0: Ball
1-0: Ball
2-0: Ball
3-0: Base on Balls
Roberto Cardona to second
Batting: LHB Juan Carlos Sánchez 0-0: Swinging Strike
0-1: Ball
1-1: Ball
2-1: Swinging Strike
2-2: Strikes out swinging
Top of the 1st over - 0 run(s), 1 hit(s), 0 error(s), 2 left on base; Albuquerque 0 - Spokane 0
BOTTOM OF THE 1ST
Spokane Trappers batting - Pitching for Albuquerque Isotopes : RHP Juan Marín
Pitching: RHP Juan Marín
Batting: LHB Keith Browne 0-0: SINGLE (Groundball, 6MD)
Batting: RHB Hyo-sang Yu 0-0: Ball
Pickoff Throw to First - Out!
1-0: Called Strike
1-1: Called Strike
1-2: Strikes out swinging
Batting: LHB Juan Cortés 0-0: Ball
1-0: Ball
2-0: Ball
3-0: Called Strike
3-1: Base on Balls
Batting: RHB Ernesto Acosta 0-0: Ball
1-0: Fly out, F9 (Flyball, 9M)
Bottom of the 1st over - 0 run(s), 1 hit(s), 0 error(s), 1 left on base; Albuquerque 0 - Spokane 0
TOP OF THE 2ND
Albuquerque Isotopes batting - Pitching for Spokane Trappers : LHP Pedro Mata
Batting: RHB Juan Alberto 0-0: Fly out, F3 (Popup, 13)
Batting: RHB Luis Martínez 0-0: SOLO HOME RUN (Flyball, 8LXD), Distance : 440 ft
Batting: RHB Adrián García 0-0: Ball
1-0: Ball
2-0: Called Strike
2-1: Ball
3-1: Foul Ball, location: 2F
3-2: Ground out 5-3 (Groundball, 15S)
Batting: LHB António De Los Ángeles 0-0: Fly out, F7 (Line Drive, 78M)
Top of the 2nd over - 1 run(s), 1 hit(s), 0 error(s), 0 left on base; Albuquerque 1 - Spokane 0
BOTTOM OF THE 2ND
Spokane Trappers batting - Pitching for Albuquerque Isotopes : RHP Juan Marín
Batting: RHB Pedro Guzmán 0-0: Called Strike
0-1: Ground out 5-3 (Groundball, 5S)
Batting: RHB Ramiro Ross 0-0: Foul Ball, location: 2F
0-1: Swinging Strike
0-2: Ball
1-2: Fly out, F9 (Flyball, 89M)
Batting: RHB Clyde Kelley 0-0: Ball
1-0: Called Strike
1-1: Foul Ball, location: 2F
1-2: Ball
2-2: Foul Ball, location: 2F
2-2: Foul Ball, location: 2F
2-2: Ball
3-2: Base on Balls
Batting: LHB Pete Carter 0-0: Ball
1-0: Fly out, F9 (Flyball, 9S)
Bottom of the 2nd over - 0 run(s), 0 hit(s), 0 error(s), 1 left on base; Albuquerque 1 - Spokane 0
TOP OF THE 3RD
Albuquerque Isotopes batting - Pitching for Spokane Trappers : LHP Pedro Mata
Batting: RHB Roberto Cardona 0-0: Fly out, F3 (Line Drive, 34)
Batting: LHB Fernando Ortíz 0-0: Foul Ball, location: 2F
0-1: Foul Ball, location: 2F
0-2: Foul Ball, location: 2F
0-2: Strikes out looking
Batting: RHB Edward Young 0-0: Called Strike
0-1: Ball
1-1: SOLO HOME RUN (Flyball, 7LD), Distance : 360 ft
Batting: RHB Adrian Prouse 0-0: Ball
1-0: Called Strike
1-1: TRIPLE (Line Drive, 8LXD)
Batting: LHB Juan Carlos Sánchez 0-0: Swinging Strike
0-1: Ball
1-1: Fly out, F9 (Flyball, 9D)
Top of the 3rd over - 1 run(s), 2 hit(s), 0 error(s), 1 left on base; Albuquerque 2 - Spokane 0
BOTTOM OF THE 3RD
Spokane Trappers batting - Pitching for Albuquerque Isotopes : RHP Juan Marín
Batting: RHB Guy Miller 0-0: Swinging Strike
0-1: Ball
1-1: Foul Ball, location: 2F
1-2: Foul Ball, location: 2F
1-2: Ball
2-2: Foul Ball, location: 2F
2-2: Ball
3-2: Base on Balls
Batting: LHB Keith Browne 0-0: Called Strike
0-1: Ball
1-1: Foul Ball, location: 2F
1-2: Strikes out swinging
Batting: RHB Hyo-sang Yu 0-0: Swinging Strike
0-1: Foul Ball, location: 2F
0-2: Strikes out swinging
Batting: LHB Juan Cortés 0-0: Called Strike
0-1: Foul Ball, location: 2F
0-2: Ball
1-2: 2-RUN HOME RUN (Line Drive, 89XD), Distance : 395 ft
Batting: RHB Ernesto Acosta 0-0: SINGLE (Groundball, 34D) (infield hit)
Batting: RHB Pedro Guzmán 0-0: Called Strike
0-1: SINGLE (Flyball, 9LS)
Ernesto Acosta to second
Runner from 2nd tries for 3rd, SAFE, throw made to third
Batting: RHB Ramiro Ross 0-0: Called Strike
0-1: Ball
1-1: Foul Ball, location: 2F
1-2: Ball
2-2: DOUBLE (Flyball, 8LXD)
Ernesto Acosta scores
Pedro Guzmán to third
Runner from 3rd tries for Home, SAFE, no throw or cutoff
Batting: RHB Clyde Kelley 0-0: Ball
1-0: Called Strike
1-1: Ball
2-1: DOUBLE (Flyball, 78M)
Ramiro Ross scores
Batting: LHB Pete Carter 0-0: Ball
1-0: Fly out, F7 (Flyball, 78S)
Bottom of the 3rd over - 5 run(s), 5 hit(s), 0 error(s), 1 left on base; Albuquerque 2 - Spokane 5
TOP OF THE 4TH
Albuquerque Isotopes batting - Pitching for Spokane Trappers : LHP Pedro Mata
Batting: RHB Juan Alberto 0-0: Called Strike
0-1: Swinging Strike
0-2: Strikes out looking
Batting: RHB Luis Martínez 0-0: Called Strike
0-1: Swinging Strike
0-2: Ball
1-2: Fly out, F2 (Popup, 2LF)
Batting: RHB Adrián García 0-0: Ball
1-0: Swinging Strike
1-1: Foul Ball, location: 2F
1-2: Ball
2-2: Ground out 4-3 (Groundball, 34)
Top of the 4th over - 0 run(s), 0 hit(s), 0 error(s), 0 left on base; Albuquerque 2 - Spokane 5
BOTTOM OF THE 4TH
Spokane Trappers batting - Pitching for Albuquerque Isotopes : RHP Juan Marín
Batting: RHB Guy Miller 0-0: Fly out, F9 (Flyball, 9LS)
Batting: LHB Keith Browne 0-0: Ball
1-0: DOUBLE (Line Drive, 78M)
Batting: RHB Hyo-sang Yu 0-0: Ball
1-0: Ground out 6-3 (Groundball, 6)
Batting: LHB Juan Cortés 0-0: Ball
1-0: Foul Ball, location: 2F
1-1: Foul Ball, location: 2F
1-2: Strikes out looking
Bottom of the 4th over - 0 run(s), 1 hit(s), 0 error(s), 1 left on base; Albuquerque 2 - Spokane 5
TOP OF THE 5TH
Albuquerque Isotopes batting - Pitching for Spokane Trappers : LHP Pedro Mata
Batting: LHB António De Los Ángeles 0-0: Foul Ball, location: 2F
0-1: Ball
1-1: Foul Ball, location: 2F
1-2: Foul Ball, location: 2F
1-2: Foul Ball, location: 2F
1-2: Ball
2-2: Foul Ball, location: 2F
2-2: SINGLE (Flyball, 89S)
Batting: RHB Roberto Cardona 0-0: Called Strike
0-1: Fielders Choice at 2nd, 3-6 (Groundball, 3)
Batting: LHB Fernando Ortíz 0-0: Foul Ball, location: 2F
0-1: Foul Ball, location: 2F
0-2: Strikes out swinging
Batting: RHB Edward Young 0-0: Called Strike
Roberto Cardona steals 2nd base
0-1: Ball
1-1: Foul Ball, location: 2F
1-2: Fly out, F7 (Flyball, 7LSF)
Top of the 5th over - 0 run(s), 1 hit(s), 0 error(s), 1 left on base; Albuquerque 2 - Spokane 5
BOTTOM OF THE 5TH
Spokane Trappers batting - Pitching for Albuquerque Isotopes : RHP Juan Marín
Batting: RHB Ernesto Acosta 0-0: Ball
1-0: Swinging Strike
1-1: Foul Ball, location: 2F
1-2: Ball
2-2: Foul Ball, location: 2F
2-2: Foul Ball, location: 2F
2-2: Foul Ball, location: 2F
2-2: Ball
3-2: Base on Balls
Pitching: LHP Cris Quezada
Batting: RHB Pedro Guzmán 0-0: Called Strike
0-1: Called Strike
0-2: SINGLE (Line Drive, 8RS)
Ernesto Acosta to second
Ernesto Acosta to third
Batting: RHB Ramiro Ross 0-0: Called Strike
0-1: Swinging Strike
0-2: Foul Ball, location: 2F
0-2: Strikes out swinging
Pedro Guzmán steals 2nd base
Batter strikes out.
Batting: RHB Clyde Kelley 0-0: Ball
1-0: Ground out 1-3 (Groundball, 13S)
Batting: LHB Pete Carter 0-0: Ball
1-0: Foul Ball, location: 2F
1-1: Foul Ball, location: 2F
1-2: Fly out, F5 (Popup, 5SF)
Bottom of the 5th over - 0 run(s), 1 hit(s), 0 error(s), 2 left on base; Albuquerque 2 - Spokane 5
TOP OF THE 6TH
Albuquerque Isotopes batting - Pitching for Spokane Trappers : LHP Pedro Mata
Batting: RHB Adrian Prouse 0-0: Ball
1-0: Ball
2-0: Called Strike
2-1: Ball
3-1: Fly out, F7 (Flyball, 7D)
Batting: LHB Juan Carlos Sánchez 0-0: Called Strike
0-1: Called Strike
0-2: Foul Ball, location: 2F
0-2: Strikes out swinging
Batting: RHB Juan Alberto 0-0: Fly out, F7 (Flyball, 7D)
Top of the 6th over - 0 run(s), 0 hit(s), 0 error(s), 0 left on base; Albuquerque 2 - Spokane 5
BOTTOM OF THE 6TH
Spokane Trappers batting - Pitching for Albuquerque Isotopes : LHP Cris Quezada
Batting: RHB Guy Miller 0-0: Ball
1-0: Called Strike
1-1: Fly out, F6 (Flyball, 7S)
Batting: LHB Keith Browne 0-0: Foul Ball, location: 2F
0-1: Ball
1-1: Swinging Strike
1-2: Foul Ball, location: 2F
1-2: Foul Ball, location: 2F
1-2: Ground out 6-3 (Groundball, 6)
Batting: RHB Hyo-sang Yu 0-0: Fly out, F8 (Flyball, 8LXD)
Bottom of the 6th over - 0 run(s), 0 hit(s), 0 error(s), 0 left on base; Albuquerque 2 - Spokane 5
TOP OF THE 7TH
Albuquerque Isotopes batting - Pitching for Spokane Trappers : LHP Pedro Mata
Batting: RHB Luis Martínez 0-0: Ground out 6-3 (Groundball, 6)
Batting: RHB Adrián García 0-0: Foul Ball, location: 2F
0-1: Ball
1-1: Ball
2-1: Fly out, F7 (Flyball, 7M)
Batting: LHB António De Los Ángeles 0-0: Foul Ball, location: 2F
0-1: Ball
1-1: Foul Ball, location: 2F
1-2: Fly out, F8 (Flyball, 8LM)
Top of the 7th over - 0 run(s), 0 hit(s), 0 error(s), 0 left on base; Albuquerque 2 - Spokane 5
BOTTOM OF THE 7TH
Spokane Trappers batting - Pitching for Albuquerque Isotopes : LHP Cris Quezada
Batting: LHB Juan Cortés 0-0: Called Strike
0-1: Foul Ball, location: 2F
0-2: Foul Ball, location: 2F
0-2: Ball
1-2: DOUBLE (Flyball, 78D)
Batting: RHB Ernesto Acosta 0-0: Intentional Walk
Pitching: RHP Jay Lloyd
Batting: RHB Pedro Guzmán 0-0: Called Strike
0-1: Ball
1-1: Foul Ball, location: 2F
1-2: Foul Ball, location: 2F
1-2: Ball
2-2: SINGLE (Flyball, 7S)
Juan Cortés to third
Ernesto Acosta to second
Pinch Hitting: LHB Henry Leroux 0-0: Fly out, F9 (Flyball, 9M)
Runner from 3rd tags up, SCORES, no throw
Batting: RHB Clyde Kelley 0-0: Called Strike
0-1: Ball
1-1: Ball
2-1: DOUBLE (Line Drive, 5L)
Ernesto Acosta scores
Pedro Guzmán to third
Batting: LHB Pete Carter 0-0: Called Strike
0-1: Called Strike
0-2: Ball
1-2: Ball
2-2: Foul Ball, location: 2F
2-2: 3-RUN HOME RUN (Flyball, 89XD), Distance : 394 ft
Pitching: RHP Unissa Hondo
Batting: RHB Guy Miller 0-0: Ball
1-0: Foul Ball, location: 2F
1-1: Foul Ball, location: 2F
1-2: Ball
2-2: Ball
3-2: Strikes out swinging
Batting: LHB Keith Browne 0-0: Called Strike
0-1: Ball
1-1: SOLO HOME RUN (Flyball, 89XD), Distance : 398 ft
Batting: RHB Hyo-sang Yu 0-0: Foul Ball, location: 2F
0-1: Ball
1-1: Swinging Strike
1-2: Fly out, F4 (Line Drive, 4)
Bottom of the 7th over - 6 run(s), 5 hit(s), 0 error(s), 0 left on base; Albuquerque 2 - Spokane 11
TOP OF THE 8TH
Albuquerque Isotopes batting - Pitching for Spokane Trappers : LHP Pedro Mata
Pitching: RHP Arthur Green
Now at 1B: Henry Leroux
Batting: RHB Roberto Cardona 0-0: Ball
1-0: Swinging Strike
1-1: Ground out 5-3 (Groundball, 5S)
Pinch Hitting: LHB Mark Vestal 0-0: Ball
1-0: Called Strike
1-1: Foul Ball, location: 2F
1-2: Strikes out swinging
Pinch Hitting: LHB Domingo Cardona 0-0: Ball
1-0: Ball
2-0: Foul Ball, location: 2F
2-1: Ball
3-1: Base on Balls
Batting: RHB Adrian Prouse 0-0: 2-RUN HOME RUN (Flyball, 9D), Distance : 361 ft
Batting: LHB Juan Carlos Sánchez 0-0: Ball
1-0: Called Strike
1-1: Ball
2-1: Called Strike
2-2: Strikes out swinging
Top of the 8th over - 2 run(s), 1 hit(s), 0 error(s), 0 left on base; Albuquerque 4 - Spokane 11
BOTTOM OF THE 8TH
Spokane Trappers batting - Pitching for Albuquerque Isotopes : RHP Unissa Hondo
Now in LF: Domingo Cardona
Now in RF: Mark Vestal
Batting: LHB Juan Cortés 0-0: Foul Ball, location: 2F
0-1: Ground out 4-3 (Groundball, 4)
Batting: RHB Ernesto Acosta 0-0: Ball
1-0: DOUBLE (Flyball, 9LM)
Batting: RHB Pedro Guzmán 0-0: Ball
1-0: Fly out, F8 (Flyball, 8RXD)
Runner from 2nd tags up, SAFE at 3rd, no throw
Batting: LHB Henry Leroux 0-0: Swinging Strike
0-1: Foul Ball, location: 2F
0-2: Ball
1-2: Ball
2-2: Ball
3-2: Foul Ball, location: 2F
3-2: SINGLE (Groundball, 4MD)
Ernesto Acosta scores
Batting: RHB Clyde Kelley 0-0: Called Strike
Henry Leroux steals 2nd base
0-1: Swinging Strike
0-2: Fly out, F3 (Popup, 3L)
Bottom of the 8th over - 1 run(s), 2 hit(s), 0 error(s), 1 left on base; Albuquerque 4 - Spokane 12
TOP OF THE 9TH
Albuquerque Isotopes batting - Pitching for Spokane Trappers : RHP Arthur Green
Batting: RHB Juan Alberto 0-0: Ball
1-0: Called Strike
1-1: Foul Ball, location: 2F
1-2: Ground out 5-3 (Groundball, 5)
Batting: RHB Luis Martínez 0-0: Ball
1-0: Ball
2-0: Called Strike
2-1: Swinging Strike
2-2: Ball
3-2: Foul Ball, location: 2F
3-2: Strikes out swinging
Batting: RHB Adrián García 0-0: Ball
1-0: Foul Ball, location: 2F
1-1: Ball
2-1: Foul Ball, location: 2F
2-2: Ball
3-2: Ground out 6-3 (Groundball, 6)
Top of the 9th over - 0 run(s), 0 hit(s), 0 error(s), 0 left on base; Albuquerque 4 - Spokane 12
This league is powered by Out of the Park Baseball, the baseball management simulation game for PC, Mac and Linux
Wednesday, December 2nd, 2015 - OOTP Baseball 16.8 Build 38